 Dungeon Crawl Stone Soup version 0.30-b1-2-g02819fbbbe (webtiles) character file.

Game seed: 11938806397716893751

(classic levelgen) 2092415 EnegeticOcto the Conqueror (level 22, 233/233 HPs)
             Began as a Minotaur Fighter on May 5, 2023.
             Was an Elder of Okawaru.
             Escaped with the Orb
             ... and 3 runes!
             The game lasted 00:56:35 (40347 turns).

EnegeticOcto the Conqueror (Minotaur Fighter)      Turns: 40347, Time: 00:56:35

Health: 233/233    AC: 35    Str: 32      XL:     22   Next: 65%
Magic:  30/30      EV: 15    Int:  4 (5)  God:    Okawaru [****..]
Gold:   5007       SH: 16    Dex: 10      Spells: 21/21 levels left

rFire   + + .        Q - +9 war axe (vamp)
rCold   + . .        h - +3 kite shield
rNeg    + . .        Z - +8 chain mail of Somewhere Else {Drain rN+ Regen+}
rPois   +            T - +0 hat of Quuguihe {rF+}
rElec   .            n - +2 cloak {rPois}
rCorr   .            z - +1 pair of gloves "Olomniv" {rF+}
SInv    .            G - +2 pair of boots {Fly}
Will    ++...        K - amulet of regeneration
Stlth   x              - ring of protection from cold
HPRegen 2.18/turn    q - ring of willpower
MPRegen 0.22/turn

%: random rage (3%)
@: flying
A: horns 2, retaliatory headbutt, berserk 1, deterioration 1
0: Orb of Zot
}: 3/15 runes: decaying, silver, gossamer
a: Renounce Religion, Heroism, Finesse


You escaped.
You worshipped Okawaru.
Okawaru was greatly pleased with you.
You visited 9 branches of the dungeon, and saw 45 of its levels.
You visited 1 bazaar.

You collected 6152 gold pieces.
You spent 1145 gold pieces at shops.

Inventory:

Hand Weapons
 a - the +2 falchion "Ciastiuq" {drain, rElec Int+4 Dex-2 SInv}
   (You found it on level 5 of the Vaults)

   Int:       It affects your intelligence (+4).
   Dex:       It affects your dexterity (-2).
   rElec:     It insulates you from electricity.
   SInv:      It lets you see invisible.
 j - a +3 war axe of distortion
   (You found it on level 9 of the Dungeon)
 Q - a +9 vampiric war axe (weapon)
   (You took it off a meliai on level 4 of the Spider Nest)
Missiles
 b - 49 boomerangs (quivered)
 c - a throwing net
 k - 14 javelins
 S - 4 silver javelins
Armour
 h - a +3 kite shield (worn)
   (You took it off a tengu warrior on level 14 of the Dungeon)
 n - a +2 cloak of poison resistance (worn)
   (Okawaru gifted it to you on level 2 of the Spider Nest)
 w - a scarf of resistance
   (You found it on level 4 of the Spider Nest)
 z - the +1 pair of gloves "Olomniv" (worn) {rF+}
   (Okawaru gifted it to you on level 5 of the Vaults)

   rF:        It protects you from fire.
 G - a +2 pair of boots of flying (worn)
   (Okawaru gifted it to you on level 11 of the Dungeon)
 I - a +2 pair of gloves of hurling
   (You found it on level 14 of the Dungeon)
 T - the +0 hat of Quuguihe (worn) {rF+}
   (Okawaru gifted it to you on level 2 of the Orcish Mines)

   rF:        It protects you from fire.
 Z - the +8 chain mail of Somewhere Else (worn) {Drain rN+ Regen+}
   (Okawaru gifted it to you on level 5 of the Lair of Beasts)

   rN:        It protects you from negative energy.
   Regen:     It increases your rate of health regeneration.
   Drain:     It drains your maximum health when unequipped.
Jewellery
 e - a +5 ring of evasion
   (You found it on level 1 of the Dungeon)
 q - a ring of willpower (right hand)
   (You found it on level 14 of the Dungeon)
 s - the ring of Goeps {Fly Will++ Int-5 Dex+3 SInv}
   (You found it on level 9 of the Dungeon)

   [ring of flight]

   Int:       It affects your intelligence (-5).
   Dex:       It affects your dexterity (+3).
   SInv:      It lets you see invisible.
   Fly:       It grants you flight.
   Will:      It greatly increases your willpower.
 x - a ring of protection from cold (left hand)
   (You found it on level 4 of the Dungeon)
 K - an amulet of regeneration (around neck)
   (You bought it in a shop on level 2 of the Orcish Mines)
 N - a ring of willpower
   (You found it on level 4 of the Swamp)
 W - an amulet of reflection
   (You found it on level 2 of the Spider Nest)
Wands
 p - a wand of digging (20) {@v3}
   (You found it on level 3 of the Dungeon)
 u - a wand of light (40) {@v1}
   (You found it on level 4 of the Dungeon)
 y - a wand of mindburst (71)
   (You found it on level 7 of the Dungeon)
 F - a wand of flame (46) {@v4}
   (You found it on level 8 of the Dungeon)
 O - a wand of iceblast (18) {@v2}
   (You found it on level 1 of the Lair of Beasts)
 P - a wand of polymorph (1)
   (You found it on level 1 of the Lair of Beasts)
Scrolls
 g - 6 scrolls of teleportation {@r3}
 m - 7 scrolls of vulnerability
 r - 6 scrolls of poison
 v - 6 scrolls of immolation
 A - a scroll of enchant armour
 R - 4 scrolls of fear
 U - 2 scrolls of magic mapping {@r5}
 X - 2 scrolls of silence
 Y - 2 scrolls of blinking {@r4}
Potions
 d - 5 potions of might {@q3}
 f - 3 potions of flight
 i - 7 potions of curing {@q1}
 l - 8 potions of mutation
 o - 3 potions of haste {@q4}
 t - 5 potions of lignification
 B - 5 potions of heal wounds {@q2}
 C - 7 potions of attraction
 D - a potion of resistance {@q5}
 E - 2 potions of berserk rage
 H - 3 potions of invisibility
 J - 2 potions of cancellation
 M - a potion of magic
Miscellaneous
 L - a phial of floods
   (You found it on level 11 of the Dungeon)
 V - a condenser vane
   (You found it on level 2 of the Spider Nest)


   Skills:
 O Level 27 Fighting
 - Level 18.5 Axes
 + Level 14.1 Throwing
 - Level 22.0 Armour
 - Level 16.0 Dodging
 - Level 15.9 Shields
 - Level 12.0 Invocations


You had 21 spell levels left.
You didn't know any spells.
Your spell library was empty.

Dungeon Overview and Level Annotations

Branches:
Dungeon (15/15)            Temple (1/1) D:7            Lair (5/5) D:10
  Swamp (4/4) Lair:2       Spider (4/4) Lair:3        Slime (0/5) Lair:5
    Orc (2/2) D:9             Elf (0/3) Orc:2        Vaults (5/5) D:13
  Crypt (0/3) Vaults:3     Depths (4/4) D:15            Zot (5/5) Depths:4

Altars:
Ashenzari
Cheibriados
Dithmenos
Elyvilon
Fedhas
Gozag
Hepliaklqana
Kikubaaqudgha
Makhleb
Nemelex Xobeh
Okawaru
Qazlal
Ru
Sif Muna
Trog
Uskayaw
Vehumet
Wu Jian
Xom
Yredelemnul
Zin
The Shining One
Lugonu

Shops:
D:2 :   D:5 !   D:7 [   Orc:2 =?*!?   Vaults:4 (   Vaults:5 :

Portals:
Hell: Depths:4
Trove: Vaults:1 (give +7 demon whip)

Annotations:
Spider:1 Roxanne
Zot:5 2 transporters, rikstar's ghost, master MiBe


Innate Abilities, Weirdness & Mutations

You have a pair of horns on your head.
You reflexively headbutt those who attack you in melee.
You sometimes lose your temper in combat.
Your body sometimes deteriorates upon taking damage.


Message History

Throw: 50 boomerangs
Press: ? - help, Q - select action, (/) - cycle Shift-Dir - straight line, f/p - Hell Sentinel
Aim: a Hell Sentinel (moderately wounded, 91% to hit)
You throw a boomerang. The boomerang hits the Hell Sentinel!
The Hell Sentinel is moderately wounded.
Throw: 50 boomerangs
Press: ? - help, Q - select action, (/) - cycle Shift-Dir - straight line, f/p - Hell Sentinel
Aim: a Hell Sentinel (moderately wounded, 91% to hit)
You throw a boomerang. The boomerang hits the Hell Sentinel.
The Hell Sentinel is moderately wounded.
Throw: 50 boomerangs
Press: ? - help, Q - select action, (/) - cycle Shift-Dir - straight line, f/p - Hell Sentinel
Aim: a Hell Sentinel (moderately wounded, 91% to hit)
You throw a boomerang. The boomerang hits the Hell Sentinel.
The Hell Sentinel is moderately wounded.
Throw: 50 boomerangs
Press: ? - help, Q - select action, (/) - cycle Shift-Dir - straight line, f/p - Hell Sentinel
Aim: a Hell Sentinel (moderately wounded, 91% to hit)
You throw a boomerang. The boomerang hits the Hell Sentinel!!
The Hell Sentinel is heavily wounded.
Throw: 50 boomerangs
Press: ? - help, Q - select action, (/) - cycle Shift-Dir - straight line, f/p - Hell Sentinel
Aim: a Hell Sentinel (heavily wounded, 91% to hit)
You throw a boomerang. The boomerang hits the Hell Sentinel!!
The Hell Sentinel is severely wounded.
The Hell Sentinel gestures at you.
The sphere of damnation explodes!
The damnation engulfs you!!
Throw: 50 boomerangs
Press: ? - help, Q - select action, (/) - cycle Shift-Dir - straight line, f/p - Hell Sentinel
Aim: a Hell Sentinel (severely wounded, 91% to hit)
You throw a boomerang. The boomerang hits the Hell Sentinel!!
The Hell Sentinel is severely wounded.
Throw: 50 boomerangs
Press: ? - help, Q - select action, (/) - cycle Shift-Dir - straight line, f/p - Hell Sentinel
Aim: a Hell Sentinel (severely wounded, 91% to hit)
You throw a boomerang. The boomerang hits the Hell Sentinel!!
The Hell Sentinel is almost dead.
Throw: 50 boomerangs
Press: ? - help, Q - select action, (/) - cycle Shift-Dir - straight line, f/p - Hell Sentinel
Aim: a Hell Sentinel (almost dead, 91% to hit)
You throw a boomerang.
The boomerang completely misses the Hell Sentinel.
Throw: 49 boomerangs
Press: ? - help, Q - select action, (/) - cycle Shift-Dir - straight line, f/p - Hell Sentinel
Aim: a Hell Sentinel (almost dead, 91% to hit)
You throw a boomerang.
The boomerang hits the Hell Sentinel but does no damage.
The Hell Sentinel is almost dead.
Throw: 49 boomerangs
Press: ? - help, Q - select action, (/) - cycle Shift-Dir - straight line, f/p - Hell Sentinel
Aim: a Hell Sentinel (almost dead, 91% to hit)
You throw a boomerang.
The boomerang hits the Hell Sentinel but does no damage.
The Hell Sentinel is almost dead.
Throw: 49 boomerangs
Press: ? - help, Q - select action, (/) - cycle Shift-Dir - straight line, f/p - Hell Sentinel
Aim: a Hell Sentinel (almost dead, 91% to hit)
You throw a boomerang. The boomerang hits the Hell Sentinel!!
You kill the Hell Sentinel!
Okawaru accepts your kill.
Throw: 49 boomerangs
Press: ? - help, Q - select action, (/) - cycle Shift-Dir - straight line, f - you Really target yourself?
Okay, then.
(D) Dungeon (T) Temple (L) Lair (S) Swamp (N) Spider Nest (M) Slime Pits (O) Orcish Mines (E) Elven Halls (V) Vaults (C) Crypt (U) Depths (H) Hell (Z) Zot
Where to? (Enter - D:1 @ (x,y), ? - help)
There is a stone staircase leading down here.
There is an open door here.
There is a stone staircase leading up here.
You fly upwards.
HP restored.
There is a stone staircase leading down here.
You feel like a meek peon again.
There is a stone staircase leading up here.
You fly upwards.
There is a stone staircase leading down here.
There is an open door here.
Magic restored.
There is a stone staircase leading up here.
You fly upwards.
There is a stone staircase leading down here.
Your hands slow down.
There is a stone staircase leading up here.
You fly upwards.
There is a stone staircase leading down here.
There is a stone staircase leading up here.
You fly upwards.
There is a stone staircase leading down here.
There is a stone staircase leading up here.
You fly upwards.
There is a stone staircase leading down here.
There is a stone staircase leading up here.
You fly upwards.
There is a stone staircase leading down here.
There is a staircase leading out of the dungeon here.
Unknown command.
Unknown command.
You have escaped!

###....###............### #.####.
##..##########.....###### #..##..
##.## ##...#.....#...####......
#..### ##.8.#.....#.8.###.......
#....#####...#.....#...##..#.....
......#..#####.....#####.........
...........................#.####
>.......................>....#
................@............#
.............................#
.#...........................###
.####....#####.....#####.......##
.# ##...#...#...[.#...#....##...
.# ##..#.8.#.....#.8.#....####.
.# ####...#.....#...#...######
†#############.....#####......# #
............................#.###


There were no monsters in sight!

Vanquished Creatures
  An ancient lich (Vaults:5)
  Tiamat (Zot:1)
  2 orbs of fire (Zot:5)
  Mennas (Vaults:4)
  Frederick (Vaults:5)
  A Killer Klown (Zot:5)
  Boris (Vaults:5)
  Xtahua (Vaults:5)
  Saint Roka (Vaults:2)
  3 caustic shrikes
  A curse toe (Zot:1)
  3 golden dragons
  5 tentacled monstrosities
  2 electric golems
  A Hell Sentinel (D:8)
  3 liches
  5 quicksilver dragons
  3 titans (Vaults:5)
  Asterion (Vaults:3)
  11 Orb Guardians (Zot:5)
  7 death cobs
  Gastronok (Orc:1)
  7 storm dragons
  2 sphinxes
  2 thorn hunters
  8 shadow dragons
  7 draconian monks
  2 tengu reavers (Vaults:5)
  Donald (Vaults:4)
  2 fenstrider witches
  4 frost giants
  2 fire giants (Vaults:5)
  3 draconian knights
  2 emperor scorpions (Spider:4)
  A deep elf sorcerer (Vaults:1)
  10 ghost moths
  15 vault wardens
  A draconian scorcher (Zot:2)
  Aizul (Vaults:2)
  2 orc warlords
  An iron dragon (Vaults:5)
  3 draconian stormcallers
  2 draconian annihilators
  17 ironbound preservers
  2 broodmothers (Spider:4)
  17 very ugly things
  4 war gargoyles
  4 ironbound thunderhulks
  11 stone giants
  10 green draconians
  2 deep elf demonologists
  A vampire knight (Depths:4)
  7 black draconians
  2 eleionomae
  14 red draconians
  A deep elf annihilator (Vaults:5)
  7 purple draconians
  13 dire elephants
  4 yellow draconians
  4 spark wasps
  5 white draconians
  A bunyip (Swamp:2)
  8 ettins
  A crystal guardian (Vaults:4)
  5 fire dragons
  A shambling mangrove (Swamp:4)
  4 entropy weavers
  2 great orbs of eyes
  A deep elf high priest (Depths:4)
  Fannar (Orc:1)
  13 yaktaur captains
  2 ice dragons
  34 vault guards
  12 hydras
  3 peacekeepers
  A jorogumo (Spider:4)
  3 ogre magi
  9 ironbound frosthearts
  4 catoblepae
  13 two-headed ogres
  A radroach (Spider:4)
  Erica (Lair:2)
  3 alligators (Swamp:4)
  13 centaur warriors
  7 boulder beetles
  3 deep troll shamans
  A deep troll earth mage (Vaults:4)
  5 death yaks (Lair:5)
  5 tengu warriors
  Urug (Lair:2)
  A shock serpent (shapeshifter) (Vaults:5)
  2 hell knights
  Sonja (D:10)
  Amaemon (Lair:1)
  A shadow wraith (Vaults:5)
  2 goliath frogs
  8 skeletal warriors
  A sea snake (shapeshifter) (Vaults:5)
  3 pharaoh ants (Spider:4)
  Lodul (D:12)
  3 bog bodies
  50 deep trolls
  8 orb spiders
  A spriggan druid (Swamp:4)
  4 wizards
  3 phantasmal warriors (Vaults:5)
  16 ironbound convokers
  9 swamp dragons
  6 harpies
  6 orc knights
  12 wolf spiders
  11 lindwurms
  3 deep elf pyromancers
  An obsidian statue (D:9)
  2 steelbarb worms
  A tengu skeleton (Vaults:3)
  8 necromancers
  4 orc sorcerers
  13 ugly things
  2 fire giant zombies (Vaults:4)
  2 manticores
  10 cyclopes
  4 will-o-the-wisps
  12 moths of wrath
  A stone giant skeleton (Vaults:3)
  2 elephants (Lair:5)
  25 vault sentinels
  A fire giant skeleton (Vaults:3)
  3 human skeletons (Vaults:3)
  A black mamba (shapeshifter) (Depths:4)
  4 demonic crawlers
  5 black mambas
  13 cane toads
  6 orange demons
  2 gargoyles
  5 torpor snails
  2 unseen horrors (D:11)
  An elf skeleton (Vaults:3)
  A kobold demonologist (D:11)
  2 rime drakes (Lair:4)
  46 yaktaurs
  2 freezing wraiths (Vaults:5)
  10 komodo dragons
  2 tengu conjurers
  A tormentor (Depths:1)
  2 guardian mummies (Vaults:1)
  A yaktaur skeleton (Vaults:3)
  2 red devils (D:11)
  3 polar bears
  3 hornets (Swamp:4)
  15 trolls
  6 meliai
  9 tyrant leeches
  18 tarantellas
  13 blink frogs
  5 dream sheep (Lair:5)
  A dream sheep (shapeshifter) (Vaults:5)
  17 jumping spiders
  12 culicivoras
  7 wyverns
  22 slime creatures
  3 spriggans (Swamp:4)
  3 vampires
  An ettin skeleton (Vaults:4)
  2 shadows
  5 wraiths
  32 redbacks
  44 yaks
  A steam dragon (D:8)
  6 vampire mosquitoes
  2 basilisks
  8 swamp worms
  An acid dragon (D:12)
  3 wargs
  4 glowing shapeshifter skeletons
  11 water moccasins
  3 black bears
  2 sky beasts
  10 swamp drakes
  An ice beast (D:5)
  29 orc warriors
  A wolf (Vaults:2)
  24 ogres
  11 centaurs
  9 kobold brigands
  Blork the orc (D:5)
  4 scorpions
  A glowing shapeshifter simulacrum (Vaults:4)
  14 bullfrogs
  3 gnoll sergeants
  An earth elemental (Swamp:2)
  13 wights
  5 killer bees (D:8)
  4 electric eels
  5 howler monkeys
  4 jellies
  4 hounds
  A gnoll bouda (D:8)
  8 orc priests
  3 iguanas
  Jessica (D:2)
  22 orc wizards
  3 sleepcaps
  9 adders
  14 gnolls
  2 shadow imps
  A white imp (D:7)
  2 ufetubi (D:5)
  2 worms
  7 dart slugs
  93 orcs
  9 ball pythons
  6 endoplasms
  6 giant cockroaches
  7 goblins
  3 hobgoblins
  4 jackals (D:5)
  5 quokkas
  2 bats (D:1)
  5 frilled lizards
  43 kobolds
  4 rats
  6 spectral weapons
1443 creatures vanquished.

Vanquished Creatures (others)
  An eldritch tentacle (Vaults:5)
  A deep troll (Orc:2)
  An orb spider (Spider:4)
  2 bloated husks (Swamp:2)
  A jumping spider (Spider:4)
  A swamp worm (Swamp:2)
  An orc priest (Vaults:2)
  A hound (D:5)
  An iguana (D:5)
  An ufetubus (D:5)
  An orc (Orc:1)
  A kobold (D:8)
  A briar patch (Swamp:4)
  20 foxfires
  19 fungi
  35 plants
  A withered plant (D:14)
89 creatures vanquished.

Grand Total: 1532 creatures vanquished

Notes
Turn   | Place    | Note
-------+----------+-------------------------------------------
     0 | D:1      | EnegeticOcto the Minotaur Fighter began the quest for the
                  | Orb.
     0 | D:1      | Reached XP level 1. HP: 19/19 MP: 0/0
   141 | D:1      | Reached XP level 2. HP: 26/27 MP: 1/1
   442 | D:2      | Reached skill level 4 in Fighting
   442 | D:2      | Reached XP level 3. HP: 33/33 MP: 2/2
   620 | D:2      | Reached XP level 4. HP: 38/40 MP: 3/3
   658 | D:2      | Found Ottod's Book Emporium.
   847 | D:2      | Noticed Jessica
   859 | D:2      | Killed Jessica
   860 | D:2      | Reached XP level 5. HP: 36/47 MP: 4/4
  1817 | D:3      | Found a shadowy altar of Dithmenos.
  1915 | D:3      | Reached skill level 5 in Axes
  1963 | D:3      | Found a radiant altar of Vehumet.
  2151 | D:4      | Noticed a water moccasin
  2160 | D:4      | Killed a water moccasin
  2161 | D:4      | Reached skill level 5 in Fighting
  2161 | D:4      | Reached skill level 5 in Armour
  2161 | D:4      | Reached skill level 5 in Shields
  2161 | D:4      | Reached XP level 6. HP: 42/56 MP: 5/5
  2376 | D:4      | Found an ancient bone altar of Kikubaaqudgha.
  2378 | D:4      | Found a bloodstained altar of Trog.
  2711 | D:4      | Reached XP level 7. HP: 61/61 MP: 6/6
  2730 | D:4      | Found a sacrificial altar of Ru.
  2756 | D:5      | Entered Level 5 of the Dungeon
  3040 | D:5      | Found a white marble altar of Elyvilon.
  3161 | D:5      | Found a shimmering altar of Xom.
  3279 | D:5      | Noticed Blork the orc
  3290 | D:5      | Killed Blork the orc
  3562 | D:5      | Reached skill level 6 in Fighting
  3704 | D:5      | Found Gouwuann's Distillery.
  3712 | D:5      | Bought a potion of heal wounds for 65 gold pieces
  3712 | D:5      | Bought a potion of curing for 39 gold pieces
  4090 | D:6      | Reached XP level 8. HP: 68/70 MP: 7/7
  4753 | D:6      | Found a glowing silver altar of Zin.
  4943 | D:7      | Reached skill level 7 in Fighting
  5080 | D:7      | Noticed a two-headed ogre
  5097 | D:7      | Killed a two-headed ogre
  5098 | D:7      | Reached XP level 9. HP: 19/79 MP: 8/8
  5459 | D:7      | Found a basalt altar of Yredelemnul.
  5548 | D:7      | Found a staircase to the Ecumenical Temple.
  5575 | Temple   | Entered the Ecumenical Temple
  5631 | Temple   | Became a worshipper of Warmaster Okawaru
  5821 | D:7      | Reached skill level 10 in Axes
  5822 | D:7      | Found Gesafab's Antique Armour Boutique.
  5981 | D:8      | Reached skill level 1 in Invocations
  6070 | D:8      | HP: 4/81 [something (11)]
  6305 | D:8      | Reached skill level 8 in Fighting
  6459 | D:8      | Reached * piety under Okawaru
  6618 | D:8      | Reached skill level 1 in Dodging
  6809 | D:8      | Reached XP level 10. HP: 66/89 MP: 10/10
  7849 | D:9      | Found a staircase to the Orcish Mines.
  7862 | D:9      | Reached ** piety under Okawaru
  8040 | D:9      | Found an ornate altar of the Wu Jian Council.
  8052 | D:9      | Noticed a two-headed ogre
  8060 | D:9      | Killed a two-headed ogre
  8061 | D:9      | Reached skill level 9 in Fighting
  8120 | D:9      | Found a broken altar of Ashenzari.
  8275 | D:9      | Found the amulet of Elemental Vulnerability {rPois rF--
                  | rC-- AC+8}
  8280 | D:9      | Noticed an obsidian statue
  8383 | D:9      | Reached *** piety under Okawaru
  8530 | D:9      | Found a blossoming altar of Fedhas.
  8976 | D:10     | Entered Level 10 of the Dungeon
  9108 | D:10     | Found a hazy altar of Hepliaklqana.
  9127 | D:10     | Reached **** piety under Okawaru
  9143 | D:10     | Noticed an orc knight
  9161 | D:10     | Killed an orc knight
  9162 | D:10     | Reached XP level 11. HP: 46/97 MP: 10/13
  9319 | D:10     | Found an opulent altar of Gozag.
  9385 | D:10     | Noticed Sonja
  9404 | D:10     | Killed Sonja
  9786 | D:10     | Found a staircase to the Lair.
  9854 | D:11     | Noticed an ice dragon
  9865 | D:11     | Killed an ice dragon
  9873 | D:11     | Reached skill level 10 in Fighting
  9873 | D:11     | Reached skill level 5 in Dodging
  9873 | D:11     | Reached skill level 5 in Invocations
  9880 | D:11     | Reached skill level 10 in Armour
  9909 | D:11     | Identified the +5 morningstar "Veapyadaib" {freeze, rElec
                  | Int+7 Dex-2}
  9911 | D:11     | Reached ***** piety under Okawaru
 10208 | D:11     | Received a gift from Okawaru
 10221 | D:11     | Noticed a boulder beetle
 10246 | D:11     | Killed a boulder beetle
 10400 | D:11     | Noticed a centaur warrior
 10413 | D:11     | Killed a centaur warrior
 10889 | D:11     | Reached XP level 12. HP: 101/108 MP: 15/15
 11048 | D:11     | Reached skill level 11 in Fighting
 11301 | D:11     | Received a gift from Okawaru
 11872 | D:9      | Identified the ring of Goeps {Fly Will++ Int-5 Dex+3 SInv}
 11963 | Lair:1   | Entered Level 1 of the Lair of Beasts
 12048 | Lair:1   | Reached skill level 15 in Axes
 12140 | Lair:1   | Noticed Amaemon
 12149 | Lair:1   | Killed Amaemon
 12306 | Lair:1   | Identified the +0 ring mail of the Prince of Darkness
                  | {rPois Str-4 Int+4} (Okawaru gifted it to you on level 1 of
                  | the Lair of Beasts)
 12306 | Lair:1   | Received a gift from Okawaru
 12599 | Lair:1   | Identified the +11 whip "Unis" {speed, rPois rF- rC- Str+6}
 12816 | Lair:2   | Noticed Erica
 12857 | Lair:2   | Killed Erica
 13180 | Lair:2   | Reached XP level 13. HP: 105/117 MP: 17/17
 13536 | Lair:2   | Noticed Urug
 13563 | Lair:2   | Killed Urug
 13564 | Lair:2   | Reached skill level 12 in Fighting
 13858 | Lair:2   | Found a staircase to the Swamp.
 14109 | Lair:3   | Found a hole to the Spider Nest.
 14642 | Lair:3   | Received a gift from Okawaru
 15308 | Lair:4   | Noticed Nessos
 15321 | Lair:4   | Nessos changed into Nessos the yak
 15321 | Lair:4   | Noticed Nessos
 15325 | Lair:4   | Killed Nessos the yak
 16414 | Lair:5   | Entered Level 5 of the Lair of Beasts
 16698 | Lair:5   | Reached ****** piety under Okawaru
 16723 | Lair:5   | Identified the +8 chain mail of Somewhere Else {Drain rN+
                  | Regen+} (Okawaru gifted it to you on level 5 of the Lair of
                  | Beasts)
 16723 | Lair:5   | Received a gift from Okawaru
 16738 | Lair:5   | Reached XP level 14. HP: 108/127 MP: 19/19
 16858 | Lair:5   | Reached skill level 13 in Fighting
 17140 | Lair:5   | Found a staircase to the Slime Pits.
 17979 | D:12     | Noticed Lodul
 17994 | D:12     | Killed Lodul
 18102 | D:12     | Reached skill level 10 in Dodging
 18388 | Orc:1    | Entered Level 1 of the Orcish Mines
 18460 | Orc:1    | Identified the +3 broad axe "Tuaqi" {drain, *Noise rN++
                  | Dex+2} (Okawaru gifted it to you on level 1 of the Orcish
                  | Mines)
 18460 | Orc:1    | Received a gift from Okawaru
 18705 | Orc:1    | Noticed Fannar
 18716 | Orc:1    | Killed Fannar
 18820 | Orc:1    | Noticed Gastronok
 18835 | Orc:1    | Killed Gastronok
 19002 | Orc:2    | Entered Level 2 of the Orcish Mines
 19123 | Orc:2    | Found Hutsudiz's General Store.
 19124 | Orc:2    | Found Ciocunol's Distillery.
 19150 | Orc:2    | Reached skill level 14 in Fighting
 19158 | Orc:2    | Reached XP level 15. HP: 117/138 MP: 14/21
 19170 | Orc:2    | Identified the +0 hat of Quuguihe {rF+} (Okawaru gifted it
                  | to you on level 2 of the Orcish Mines)
 19170 | Orc:2    | Received a gift from Okawaru
 19190 | Orc:2    | Found Peamoetuclu's Jewellery Boutique.
 19196 | Orc:2    | Found Ygireof's Magic Scroll Shop.
 19224 | Orc:2    | Bought a potion of curing for 45 gold pieces
 19226 | Orc:2    | Found Xics's Magic Scroll Emporium.
 19283 | Orc:2    | Bought a scroll of blinking for 90 gold pieces
 19283 | Orc:2    | Bought a scroll of magic mapping for 90 gold pieces
 19310 | Orc:2    | Found a staircase to the Elven Halls.
 19587 | Orc:2    | Bought a potion of heal wounds for 80 gold pieces
 19593 | Orc:2    | Bought an amulet of regeneration for 390 gold pieces
 20106 | D:13     | Found a gate to the Vaults.
 20315 | D:14     | Found an ancient bone altar of Kikubaaqudgha.
 20656 | D:14     | Reached skill level 10 in Invocations
 21389 | D:14     | You are sucked into a shaft and drop 1 floor!
 21389 | D:15     | Entered Level 15 of the Dungeon
 21488 | D:15     | Reached skill level 10 in Shields
 21869 | D:15     | Found a staircase to the Depths.
 22404 | Spider:1 | Entered Level 1 of the Spider Nest
 22541 | Spider:2 | Noticed an emperor scorpion
 22705 | Spider:2 | Reached skill level 15 in Armour
 22712 | Spider:1 | Banished an emperor scorpion
 22830 | Spider:2 | Reached skill level 15 in Fighting
 22866 | Spider:2 | Received a gift from Okawaru
 22978 | Spider:4 | Entered Level 4 of the Spider Nest
 23264 | Spider:4 | Reached XP level 16. HP: 52/149 MP: 0/23
 23443 | Spider:4 | Got a gossamer rune of Zot
 23591 | Swamp:1  | Entered Level 1 of the Swamp
 23950 | Swamp:4  | Entered Level 4 of the Swamp
 24011 | Swamp:4  | Reached skill level 16 in Fighting
 24027 | Swamp:4  | Received a gift from Okawaru
 24035 | Swamp:4  | Noticed a thorn hunter
 24047 | Swamp:3  | Killed a thorn hunter
 24490 | Swamp:4  | Noticed a thorn hunter
 24511 | Swamp:4  | Killed a thorn hunter
 24656 | Swamp:4  | Got a decaying rune of Zot
 24987 | Vaults:1 | Entered Level 1 of the Vaults
 25057 | Vaults:1 | Reached XP level 17. HP: 155/159 MP: 25/25
 25748 | Vaults:1 | Found a portal to a secret trove of treasure.
 25761 | Vaults:1 | Identified the +0 hat of Josiam {rElec rF- Str+3 Int+8}
                  | (Okawaru gifted it to you on level 1 of the Vaults)
 25761 | Vaults:1 | Received a gift from Okawaru
 25831 | Vaults:1 | Reached skill level 17 in Fighting
 26576 | Vaults:2 | Received a gift from Okawaru
 26732 | Vaults:2 | Noticed Aizul
 26746 | Arena    | Entered the Arena
 26750 | Arena    | Reached XP level 18. HP: 31/171 MP: 18/26
 26780 | Vaults:2 | Killed Aizul
 27227 | Spider:4 | Reached skill level 15 in Dodging
 27267 | Spider:4 | Reached skill level 18 in Fighting
 28225 | Spider:4 | Received a gift from Okawaru
 28226 | Spider:4 | Reached skill level 15 in Shields
 28799 | Vaults:2 | Noticed Saint Roka
 28821 | Vaults:2 | Killed Saint Roka
 29218 | Vaults:3 | Identified the +5 plate armour of the Old and Reckless {rC+
                  | Str-4 SInv} (Okawaru gifted it to you on level 3 of the
                  | Vaults)
 29218 | Vaults:3 | Received a gift from Okawaru
 29242 | Vaults:3 | Noticed Asterion
 29260 | Vaults:3 | Killed Asterion
 29922 | Vaults:3 | Reached skill level 19 in Fighting
 29932 | Vaults:3 | Reached skill level 1 in Throwing
 30253 | Vaults:3 | Reached XP level 19. HP: 182/182 MP: 27/27
 30429 | Vaults:3 | Identified the +0 pair of gloves "Xoahapna" {MP+9} (Okawaru
                  | gifted it to you on level 3 of the Vaults)
 30429 | Vaults:3 | Received a gift from Okawaru
 30466 | Vaults:3 | Found a staircase to the Crypt.
 32519 | Vaults:4 | Reached skill level 5 in Throwing
 32786 | Vaults:4 | Noticed Mennas
 32840 | Vaults:4 | Killed Mennas
 32841 | Vaults:4 | Reached skill level 20 in Fighting
 33071 | Vaults:4 | Found Boruac's Weapon Shoppe.
 33071 | Vaults:4 | Noticed Donald
 33084 | Vaults:4 | Killed Donald
 33084 | Vaults:4 | Received a gift from Okawaru
 33435 | Vaults:4 | Received a gift from Okawaru
 33729 | Vaults:5 | Entered Level 5 of the Vaults
 33731 | Vaults:5 | Noticed Xtahua
 33732 | Vaults:5 | Found Kataaq's Book Shop.
 33732 | Vaults:5 | Noticed a golden dragon
 33732 | Vaults:5 | Noticed an ancient lich
 33749 | Vaults:5 | Noticed Boris
 33767 | Vaults:5 | Killed an ancient lich
 33777 | Vaults:5 | Killed a golden dragon
 33781 | Vaults:5 | Killed Boris
 33841 | Vaults:5 | Reached XP level 20. HP: 191/192 MP: 28/28
 33878 | Vaults:5 | Identified the +1 pair of gloves "Olomniv" {rF+} (Okawaru
                  | gifted it to you on level 5 of the Vaults)
 33878 | Vaults:5 | Received a gift from Okawaru
 33940 | Vaults:5 | Reached skill level 21 in Fighting
 33983 | Vaults:5 | Killed Xtahua
 33984 | Vaults:5 | Noticed a golden dragon
 34011 | Vaults:5 | Killed a golden dragon
 34038 | Vaults:5 | Received a gift from Okawaru
 34058 | Vaults:5 | Received a gift from Okawaru
 34305 | Vaults:5 | Received a gift from Okawaru
 34307 | Arena    | Entered the Arena
 34337 | Vaults:5 | Reached skill level 10 in Throwing
 34393 | Vaults:5 | Noticed Frederick
 34406 | Vaults:5 | Killed Frederick
 34545 | Vaults:5 | Received a gift from Okawaru
 34595 | Vaults:5 | Reached skill level 22 in Fighting
 34618 | Vaults:5 | Identified the orb of the Shouting Gods {*Rage, rC+}
 34629 | Vaults:5 | Received a gift from Okawaru
 34797 | Vaults:5 | Identified the +0 chain mail "Icagyc" {rPois Regen+}
 35035 | Vaults:5 | Got a silver rune of Zot
 35036 | Vaults:5 | Identified the +1 hand axe of Fypuw {elec, Fly}
 35044 | Vaults:5 | Identified the +2 falchion "Ciastiuq" {drain, rElec Int+4
                  | Dex-2 SInv}
 35262 | Depths:1 | Entered Level 1 of the Depths
 35297 | Depths:1 | Reached XP level 21. HP: 199/207 MP: 29/29
 35301 | Depths:1 | Received a gift from Okawaru
 35395 | Depths:4 | Entered Level 4 of the Depths
 35395 | Depths:4 | Found a flickering gateway to a bazaar.
 35477 | Bazaar   | Entered a bazaar
 35501 | Bazaar   | Found Giborustrup's Antique Weapon Shoppe.
 35517 | Bazaar   | Found Somo's Jewellery Shoppe.
 35517 | Bazaar   | Found Tifou's General Store.
 35522 | Bazaar   | Bought a potion of invisibility for 112 gold pieces
 35539 | Bazaar   | Found Fareusos's Book Shoppe.
 35581 | Depths:4 | Found a gateway to Hell.
 35620 | Depths:4 | Found a gate to the Realm of Zot.
 35655 | Zot:1    | Entered Level 1 of the Realm of Zot
 35669 | Zot:1    | Reached skill level 23 in Fighting
 35740 | Arena    | Entered the Arena
 35859 | Zot:2    | Noticed a curse toe
 35860 | Zot:2    | Noticed a golden dragon
 36024 | Zot:1    | Killed a curse toe
 36091 | Zot:1    | Reached skill level 24 in Fighting
 36119 | Depths:4 | Received a gift from Okawaru
 36138 | Depths:4 | Noticed a caustic shrike
 36140 | Depths:4 | Noticed a caustic shrike
 36144 | Depths:4 | Noticed a caustic shrike
 36354 | D:5      | Bought a potion of resistance for 130 gold pieces
 36354 | D:5      | Bought a potion of mutation for 104 gold pieces
 36565 | Depths:3 | Killed a caustic shrike
 36575 | Depths:4 | Killed a caustic shrike
 36583 | Depths:4 | Killed a caustic shrike
 36680 | Zot:2    | Killed a golden dragon
 36972 | Zot:5    | Entered Level 5 of the Realm of Zot
 37030 | Zot:5    | Found a transporter.
 37067 | Zot:5    | Reached skill level 25 in Fighting
 37348 | Zot:5    | Noticed a caustic shrike
 37356 | Zot:5    | Noticed a golden dragon
 37356 | Zot:5    | Noticed a caustic shrike
 37357 | Zot:5    | Noticed a shard shrike
 37357 | Zot:5    | Noticed a golden dragon
 37357 | Zot:5    | Noticed rikstar's ghost (master MiBe)
 37358 | Zot:5    | Noticed a golden dragon
 37359 | Zot:5    | Noticed a caustic shrike
 37385 | Zot:5    | Found a transporter.
 38461 | Spider:1 | Identified Roxanne's Papyrus of Precision Catastrophes
 38461 | Spider:1 | Noticed Roxanne
 38634 | Spider:2 | Identified the +0 leather armour of Purpose {Str+2}
 38741 | Spider:2 | Identified a scroll of acquirement
 38775 | Spider:2 | Reached XP level 22. HP: 228/228 MP: 30/30
 38781 | Spider:2 | Acquired 941 gold pieces
 39226 | Zot:1    | Reached skill level 26 in Fighting
 39251 | Zot:1    | Found the +4 dragonskin cloak
 39251 | Zot:1    | Noticed Tiamat
 39334 | Zot:1    | Killed Tiamat
 39357 | Arena    | Entered the Arena
 39597 | Zot:5    | Reached skill level 27 in Fighting
 39803 | Zot:5    | Noticed a Killer Klown
 39831 | Zot:5    | Killed a Killer Klown
 39834 | Zot:5    | Noticed an orb of fire
 39841 | Zot:5    | Noticed an orb of fire
 39847 | Zot:5    | Gained mutation: You sometimes lose your temper in combat.
                  | [an orb of fire]
 39854 | Zot:5    | Gained mutation: Your body sometimes deteriorates upon
                  | taking damage. [an orb of fire]
 39856 | Zot:5    | Killed an orb of fire
 39869 | Zot:5    | Killed an orb of fire
 39916 | Zot:5    | Got the Orb of Zot
 40140 | D:15     | Noticed Xyddorekam the pandemonium lord
 40347 | D:$      | Escaped with the Orb!

Illustrated notes

Levels and vault maps discovered:
D:1:      minmay_arrival_glassed_features, layout_rooms
D:2:      layout_loops_ring, serial_shops, shop, kennysheep_boxes, uniq_jessica,
          uniq_crazy_yiuf_cottage
D:3:      layout_loops_ring, nicolae_dithmenos_the_darkroom,
          overflow_temple_1_default
D:4:      layout_basic, nicolae_ru_path_of_blood, jmf_multi_god_temple
D:5:      layout_layer_cave, xom_confusion_cloud, elyvilon_altar_5,
          serial_shops, shop, uniq_blork_the_orc
D:6:      layout_basic, general_overflow_altar, chequers_mini_garden
D:7:      layout_basic, kennysheep_mini_moat, minmay_temple_entry_glassed_door,
          serial_shops, shop, chequers_serial_rivers_large_b
D:8:      layout_loops_corners, nicolae_kite_square_tiling_tiny, minivault_10,
          nzn_life_drinkers
D:9:      layout_roguey, evilmike_ruin_ashenzari, lemuel_doored_altar,
          fedhas_altar_4, david_orc_5, minivault_15, dreamdust_mushroom_princess
D:10:     layout_cross, overflow_temple_1_default, grunt_gozag_breadcrumbs,
          grunt_lair_entry_orc_guard_hut, grunt_ministairs_9, uniq_sonja
D:11:     minmay_the_grid_4x2 [minmay_the_grid_all_tris,
          minmay_the_grid_minigrid_medium, minmay_the_grid_dragon_b,
          minmay_the_grid_minigrid_small_alt, minmay_the_grid_broken_lines,
          minmay_the_grid_spin_star, minmay_the_grid_outer_circle,
          minmay_the_grid_prize_trominoes], layout_basic,
          minmay_beelzebubs_servants
D:12:     layout_rooms, minmay_circle_x, uniq_lodul
D:13:     layout_basic, david_vaults_1
D:14:     layout_layer_cave, kiku_gazebo_garden_becter
D:15:     hangedman_depths_entry_try_elsewhere_first, layout_stronghold,
          serial_column_ruins, column_ruins_hut_ruined,
          column_ruins_open_medium, column_ruins_open_small_water,
          column_ruins_columns_corner, column_ruins_grid_1, column_ruins_grid_2,
          lemuel_flamethrower_3
Temple:   corrupted_temple
Lair:1:   layout_chaotic_city, grunt_megastairs_1, uniq_amaemon
Lair:2:   layout_concentric_octagons, nicolae_swamp_entry_splash_gauntlet,
          uniq_urug, uniq_erica
Lair:3:   layout_layer_cave, nicolae_spider_entry_non_spiders,
          grunt_megastairs_2, lemuel_fruit_fields, serial_bayou_shore_b
Lair:4:   layout_gridlike, uniq_nessos
Lair:5:   evilmike_catoblepas_cave, layout_gridlike, minmay_slime_entry_pillars,
          lemuel_fruit_tree
Swamp:1:  layout_basic_swamp, evilmike_swamp_ruin_house_6
Swamp:2:  layout_falls_marsh, evilmike_swamp_ruin_house_1, swamp_pool5,
          wheals_swamp_sinkhole, nzn_swamp_blast_mining, uniq_jorgrun
Swamp:3:  nicolae_swamp_ascending_descending_big, layout_basic_swamp,
          nicolae_swamp_feature_on_the_river_bank, swamp_pool5,
          grunt_ruined_hall
Swamp:4:  swamp_alternative, layout_basic_swamp
Spider:1: layout_spider_delve, uniq_roxanne
Spider:2: layout_spider_delve, drop_trap, hangedman_stitches_earthworm
Spider:3: layout_spider_delve, nicolae_spider_bug_shape
Spider:4: grunt_spider_rune_island, nicolae_spider_wall_of_niches
Orc:1:    layout_caves, uniq_gastronok, uniq_fannar
Orc:2:    st_orc_open, layout_caves, serial_shops, shop
Vaults:1: nicolae_vaults_tetromino_T_1, nicolae_vaults_sightless_eye,
          nicolae_vaults_specimen_jars, nicolae_vaults_network_periphery,
          nicolae_vaults_more_shelving_2, v_misc_8, v_misc_29,
          nicolae_vaults_tangram_1, v_misc_8, nicolae_vaults_rhombus_5,
          nicolae_vaults_variable_pillar_hall, hangedman_vaults_trim,
          nicolae_vaults_mini_display_case, nicolae_vaults_double_plus_2,
          hangedman_vaults_corner_blocks, ontoclasm_vaults_decontamination,
          layout_vaults_ring, nicolae_trove_entry_path_of_doom
Vaults:2: vaults_dpeg_diagonal, ontoclasm_vaults_eye, v_misc_1, serial_ice_g,
          nicolae_vaults_ring_of_whatevers, nicolae_vaults_house_2,
          nicolae_vaults_oval_intersection, v_rooms_3, dpeg_vaults_monster_box,
          layout_vaults_big_room, uniq_aizul, uniq_saint_roka
Vaults:3: nicolae_vaults_little_squares_5, ontoclasm_vaults_misaligned,
          hangedman_vaults_restitches, nicolae_vaults_closet_pinwheel_6,
          minmay_crypt_entry_skeletal_spiral, vaults_mumra_minichess_inversion,
          v_misc_3, v_misc_22, nicolae_vaults_shipping_containers_4,
          nicolae_vaults_tetromino_Z_1, v_rooms_1,
          vaults_room_grunt_arrival_checkpoint, nicolae_vaults_house_2,
          layout_vaults_big_cross, uniq_asterion
Vaults:4: nicolae_vaults_weapon_check, nicolae_vaults_spaceships,
          vaults_room_fancy_cross, nicolae_vaults_what_the_h,
          nicolae_vaults_more_shelving_1, nicolae_vaults_storage_closets_2,
          nicolae_vaults_library_corner, v_pattern_4,
          nicolae_vaults_tetromino_Z_2, layout_vaults_omnigrid, serial_shops,
          nicolae_shop_mannequins, uniq_mennas, uniq_donald
Vaults:5: uniq_frederick, uniq_boris, uniq_xtahua
Depths:1: layout_long_grid, enter_ziggurat_c, hell_entry,
          rand_demon_pan_entry_5, hangedman_abyss_entry_splay,
          nicolae_diode_quadrants
Depths:2: minmay_octagon_keep, layout_basic, patterned_corridor, pan_entry,
          grunt_hell_horde, minmay_staircase_windowed_large
Depths:3: grunt_forest_end_chambers, layout_honeycomb, hell_entry, abyss_entry
Depths:4: grunt_x_marks_the_spot, layout_cave_shapes, hangedman_decor_growths,
          hell_entry, serial_shops, freezing_bzr, minmay_misc_feat_ornament
Zot:1:    layout_cathedral_of_symmetry, grunt_megastairs_4, uniq_tiamat
Zot:2:    layout_misc_corridors, gammafunk_ghost_ooze
Zot:3:    grunt_zot_stairs_faceoff, layout_gridlike, grunt_ministairs_12
Zot:4:    layout_gridlike, grunt_ministairs_10
Zot:5:    layout_cathedral_of_symmetry, gammafunk_ghost_berserking_beasts,
          hangedman_zot_decor_slant

Skill      XL: |  1  2  3  4  5  6  7  8  9 10 11 12 13 14 15 16 17 18 19 20 21 22 |
---------------+-------------------------------------------------------------------+-----
Axes           | 3 4 5 6 7 9 11 12 14 15 17 18 | 18.5
Fighting       | 4 5 6 7 8 9 10 11 12 14 15 16 17 19 20 22 25 27 | 27.0
Armour         | 4 5 6 7 8 9 10 11 12 14 15 16 17 19 20 22 | 22.0
Shields        | 4 5 6 7 8 9 11 12 14 15 | 15.9
Invocations    | 2 4 6 7 8 9 10 12 | 12.0
Dodging        | 1 4 6 7 9 10 12 13 14 16 | 16.0
Throwing       | 2 7 11 12 14 | 14.1

Action                     |  1- 3 |  4- 6 |  7- 9 | 10-12 | 13-15 | 16-18 | 19-21 | 22-24 || total
---------------------------+-------+-------+-------+-------+-------+-------+-------+-------++-------
  Melee: War axe           |    40 |    10 |       |   337 |   885 |  1330 |  1702 |   270 ||  4574
         Headbutt          |     4 |    17 |    33 |    91 |   173 |   406 |   563 |    70 ||  1357
         Hand axe          |       |   103 |   224 |       |       |       |       |       ||   327
         Battleaxe         |       |       |    31 |   134 |       |       |       |       ||   165
  Throw: Javelin           |       |       |       |       |       |       |     5 |    15 ||    20
         Boomerang         |       |       |       |       |       |       |    40 |   107 ||   147
 Invoke: Heroism           |       |       |       |     7 |     2 |     4 |    19 |     5 ||    37
         Finesse           |       |       |       |       |     2 |     4 |    16 |     6 ||    28
         Duel              |       |       |       |       |       |     1 |     2 |     1 ||     4
  Evoke: Wand              |       |       |    13 |     6 |     2 |     1 |     3 |     2 ||    27
         Phial of floods   |       |       |       |     1 |       |     1 |     2 |       ||     4
    Use: Scroll            |       |     5 |     4 |     8 |    11 |    17 |    17 |     8 ||    70
         Potion            |       |       |     4 |     5 |     1 |    10 |    17 |     9 ||    46
   Stab: Petrified         |       |       |       |       |     1 |       |       |       ||     1
         Distracted        |       |       |       |       |     1 |       |       |       ||     1
         Confused          |       |       |       |       |       |     3 |       |     3 ||     6
         Invisible         |       |       |       |       |       |     8 |     3 |    24 ||    35
 Armour: Scale mail        |     5 |       |       |       |       |       |       |       ||     5
         Chain mail        |    18 |    41 |    72 |   189 |   372 |   592 |   477 |   102 ||  1863
         Skin              |       |       |     3 |       |       |       |     9 |       ||    12
  Dodge: Dodged            |    37 |    64 |   126 |   302 |   453 |   840 |   636 |    96 ||  2554
  Block: Buckler           |    13 |    22 |    48 |    93 |   144 |       |       |       ||   320
         Kite shield       |       |       |       |       |   114 |   748 |   795 |   151 ||  1808
